[Event "Hungarian Rapid-ch 2022"]
[Site "Ajka"]
[Date "2022.07.15"]
[Round "1.1"]
[White "Berkes, Ferenc"]
[Black "Majoros, Rozsa Evelin"]
[Result "1-0"]
[ECO "E24"]
[WhiteElo "2649"]
[BlackElo "2059"]
[Annotator "ChessBase"]
[PlyCount "55"]
[EventDate "2022.07.15"]
[EventType "swiss"]
[EventCountry "HUN"]
[SourceTitle "playchess.com"]
[Source "ChessBase"]
[SourceQuality "1"]
[TimeControl "900+10"]

1. d4 Nf6 2. c4 e6 3. Nc3 Bb4 4. a3 Bxc3+ 5. bxc3 b6 6. f3 d5 7. cxd5 exd5 8. e3 O-O 9. Bd3 c5 10. Ne2 Nc6 11. O-O Re8 12. Ra2 a5 13. Nf4 c4 14. Bb1 b5 15. g4 Be6 16. g5 Nd7 17. e4 Nf8 18. h4 b4 19. axb4 axb4 20. Rxa8 Qxa8 21. exd5 Qa1 22. Be4 Qxc3 23. dxc6 b3 24. d5 b2 25. dxe6 bxc1=Q 26. exf7+ Kxf7 27. Qxc1 Qd4+ 28. Kg2 1-0

[Event "Hungarian Rapid-ch 2022"]
[Site "Ajka"]
[Date "2022.07.15"]
[Round "1.2"]
[White "Marton, Jozsef"]
[Black "Gledura, Benjamin"]
[Result "0-1"]
[ECO "A48"]
[WhiteElo "2059"]
[BlackElo "2637"]
[Annotator "ChessBase"]
[PlyCount "50"]
[EventDate "2022.07.15"]
[EventType "swiss"]
[EventCountry "HUN"]
[SourceTitle "playchess.com"]
[Source "ChessBase"]
[SourceQuality "1"]
[TimeControl "900+10"]

1. d4 Nf6 2. Nf3 g6 3. Bg5 Bg7 4. e3 O-O 5. Be2 c5 6. c3 h6 7. Bh4 cxd4 8. exd4 d6 9. Nbd2 Nh5 10. Bg3 e5 11. dxe5 Nxg3 12. hxg3 dxe5 13. Ne4 Nc6 14. Qb3 Qc7 15. O-O-O Be6 16. Qa3 Rfd8 17. Rxd8+ Rxd8 18. Rd1 Nd4 19. Bf1 b6 20. Qa4 Bd5 21. Ned2 a5 22. Kb1 Bc6 23. Qc4 b5 24. Qc5 Nxf3 25. gxf3 Rxd2 0-1

[Event "Hungarian Rapid-ch 2022"]
[Site "Ajka"]
[Date "2022.07.15"]
[Round "1.3"]
[White "Balog, Imre"]
[Black "Suranyi, Pal"]
[Result "1-0"]
[ECO "B06"]
[WhiteElo "2594"]
[BlackElo "2023"]
[Annotator "ChessBase"]
[PlyCount "73"]
[EventDate "2022.07.15"]
[EventType "swiss"]
[EventCountry "HUN"]
[SourceTitle "playchess.com"]
[Source "ChessBase"]
[SourceQuality "1"]
[TimeControl "900+10"]

1. e4 g6 2. d4 Bg7 3. Nf3 d6 4. Bc4 Nf6 5. Qe2 e6 6. e5 dxe5 7. dxe5 Nd5 8. O-O O-O 9. Rd1 c5 10. Bb3 b5 11. Qxb5 Ba6 12. Qxc5 Be2 13. Bg5 Nd7 14. Qd6 Bxe5 15. Nxe5 Qxg5 16. Nxd7 Bxd1 17. Nc3 Nf4 18. g3 Nh3+ 19. Kg2 Bg4 20. Ne4 Qf5 21. Nef6+ Kg7 22. Nxg4 Qxg4 23. Nxf8 Rxf8 24. Qe5+ f6 25. Bxe6 fxe5 26. Bxg4 Nxf2 27. Be2 e4 28. Re1 g5 29. h3 Kg6 30. Bc4 g4 31. hxg4 Kg5 32. Be6 Re8 33. Bd7 Re7 34. Kxf2 Rxd7 35. Rxe4 Rd2+ 36. Re2 Rd4 37. Kf3 1-0

[Event "Hungarian Rapid-ch 2022"]
[Site "Ajka"]
[Date "2022.07.15"]
[Round "1.4"]
[White "Kosztolanczi, Gyula"]
[Black "Hera, Imre Jr."]
[Result "0-1"]
[ECO "B43"]
[WhiteElo "2073"]
[BlackElo "2568"]
[Annotator "ChessBase"]
[PlyCount "72"]
[EventDate "2022.07.15"]
[EventType "swiss"]
[EventCountry "HUN"]
[SourceTitle "playchess.com"]
[Source "ChessBase"]
[SourceQuality "1"]
[TimeControl "900+10"]

1. e4 c5 2. Nf3 e6 3. d4 cxd4 4. Nxd4 a6 5. Nc3 Qc7 6. Bd3 b5 7. O-O Bb7 8. Qg4 Nf6 9. Qh4 Be7 10. Bf4 d6 11. Bg5 h6 12. Rae1 Nbd7 13. Kh1 Ne5 14. Bxf6 Bxf6 15. Qh3 O-O 16. Re3 Nc4 17. Bxc4 Bxd4 18. Bd3 Bxe3 19. Qxe3 Qc5 20. Qh3 Qb4 21. f4 Qxb2 22. e5 Rac8 23. Nd1 Qd4 24. exd6 Be4 25. d7 Rcd8 26. f5 exf5 27. Bxe4 fxe4 28. Ne3 Qxd7 29. Nf5 Kh7 30. Qh5 Qe6 31. Ne3 g6 32. Qh4 f5 33. h3 Qf6 34. Qe1 h5 35. g3 Qd6 36. Qa5 Qxg3 0-1

[Event "Hungarian Rapid-ch 2022"]
[Site "Ajka"]
[Date "2022.07.15"]
[Round "1.5"]
[White "Horvath, Csaba"]
[Black "Erseki, Tamara"]
[Result "1-0"]
[ECO "A05"]
[WhiteElo "2506"]
[BlackElo "1907"]
[Annotator "ChessBase"]
[PlyCount "77"]
[EventDate "2022.07.15"]
[EventType "swiss"]
[EventCountry "HUN"]
[SourceTitle "playchess.com"]
[Source "ChessBase"]
[SourceQuality "1"]
[TimeControl "900+10"]

1. Nf3 Nf6 2. g3 g6 3. b3 Bg7 4. Bb2 O-O 5. Bg2 d5 6. c4 c6 7. O-O Bf5 8. d3 Qc8 9. Nbd2 Bh3 10. Rc1 Bxg2 11. Kxg2 dxc4 12. Nxc4 Nbd7 13. b4 Nb6 14. Na5 Qd7 15. a3 Rfd8 16. Qc2 Rac8 17. Ne5 Qc7 18. d4 Nfd7 19. Nf3 Qb8 20. e4 Nf6 21. Rfd1 Nbd7 22. Qe2 Bh6 23. Rc2 Nb6 24. Ne5 Nfd7 25. Nexc6 bxc6 26. Nxc6 Rxc6 27. Rxc6 Qb7 28. d5 Rc8 29. Qc2 Bg7 30. Bxg7 Kxg7 31. Rc1 Rd8 32. Qc3+ Kg8 33. b5 a6 34. Qb4 Ne5 35. bxa6 Nxc6 36. Rxc6 Qxa6 37. Rxb6 Qe2 38. Qxe7 Rc8 39. Rb7 1-0

[Event "Hungarian Rapid-ch 2022"]
[Site "Ajka"]
[Date "2022.07.15"]
[Round "1.6"]
[White "Hrubos, Viktor"]
[Black "Prohaszka, Peter"]
[Result "0-1"]
[ECO "A06"]
[WhiteElo "1890"]
[BlackElo "2570"]
[Annotator "ChessBase"]
[PlyCount "80"]
[EventDate "2022.07.15"]
[EventType "swiss"]
[EventCountry "HUN"]
[SourceTitle "playchess.com"]
[Source "ChessBase"]
[SourceQuality "1"]
[TimeControl "900+10"]

1. Nf3 d5 2. c4 e6 3. b3 Nf6 4. Bb2 c5 5. e3 Nc6 6. d3 d4 7. Be2 e5 8. Nbd2 h6 9. O-O Bd6 10. e4 Be6 11. Nh4 g6 12. g3 Bh3 13. Ng2 g5 14. f3 Qd7 15. Rf2 h5 16. Nf1 h4 17. g4 Nh7 18. Qd2 f6 19. Bc1 Nf8 20. a3 Ne6 21. Qb2 a6 22. Rb1 b5 23. Qc2 Rb8 24. Qa2 Kf8 25. Rb2 Kg7 26. Bd1 Rb7 27. Nfe3 dxe3 28. Nxe3 Ncd4 29. Rb1 Nf4 30. Bb2 Nxd3 31. Rd2 Nxb2 32. Rbxb2 Rhb8 33. cxb5 axb5 34. a4 c4 35. Rxd4 exd4 36. Nf5+ Kf8 37. bxc4 bxa4 38. Rxb7 Qxb7 39. Nxd6 Qb2 40. Qxb2 Rxb2 0-1

[Event "Hungarian Rapid-ch 2022"]
[Site "Ajka"]
[Date "2022.07.15"]
[Round "1.7"]
[White "Kozak, Adam"]
[Black "Virag, Balint"]
[Result "1-0"]
[ECO "A05"]
[WhiteElo "2522"]
[BlackElo "2164"]
[Annotator "ChessBase"]
[PlyCount "105"]
[EventDate "2022.07.15"]
[EventType "swiss"]
[EventCountry "HUN"]
[SourceTitle "playchess.com"]
[Source "ChessBase"]
[SourceQuality "1"]
[TimeControl "900+10"]

1. Nf3 Nf6 2. g3 g6 3. b3 b6 4. Bg2 Bb7 5. c4 Bg7 6. Bb2 c5 7. O-O O-O 8. Nc3 d5 9. Nxd5 Nxd5 10. Bxg7 Kxg7 11. cxd5 Bxd5 12. d4 Na6 13. Qd3 Bb7 14. Rfd1 Rc8 15. d5 Qd6 16. e4 Rfd8 17. Qc3+ Kg8 18. a3 Nc7 19. Qe3 e5 20. a4 Na6 21. Qc3 Re8 22. Nd2 Nb4 23. Nc4 Qe7 24. d6 Qd7 25. Nxe5 Rxe5 26. Qxe5 Nc2 27. Rab1 Nd4 28. Rxd4 cxd4 29. Qxd4 Rd8 30. Rd1 Qe6 31. b4 Bc6 32. b5 Bb7 33. e5 Bxg2 34. Kxg2 f6 35. exf6 Kf7 36. d7 Qxf6 37. Qxf6+ Kxf6 38. f4 Ke7 39. Kf3 Rf8 40. d8=Q+ Rxd8 41. Rxd8 Kxd8 42. g4 Ke7 43. Ke4 Ke6 44. f5+ gxf5+ 45. gxf5+ Kf6 46. Kf4 Kf7 47. Ke5 Ke7 48. f6+ Kf7 49. Kf5 Kf8 50. Ke6 Ke8 51. f7+ Kf8 52. Kf6 h5 53. h4 1-0

[Event "Hungarian Rapid-ch 2022"]
[Site "Ajka"]
[Date "2022.07.15"]
[Round "1.8"]
[White "Paksa, Rudolf"]
[Black "Kaczur, Florian"]
[Result "0-1"]
[ECO "B15"]
[WhiteElo "1967"]
[BlackElo "2482"]
[Annotator "ChessBase"]
[PlyCount "102"]
[EventDate "2022.07.15"]
[EventType "swiss"]
[EventCountry "HUN"]
[SourceTitle "playchess.com"]
[Source "ChessBase"]
[SourceQuality "1"]
[TimeControl "900+10"]

1. e4 c6 2. d4 d5 3. Nc3 a6 4. exd5 cxd5 5. Bd3 Nc6 6. Nge2 Nf6 7. h3 g6 8. Be3 Bg7 9. a3 h5 10. Qd2 Bf5 11. O-O-O b5 12. f3 h4 13. Kb1 e6 14. Rhe1 Bxd3 15. Qxd3 Nd7 16. Nc1 O-O 17. Nb3 b4 18. axb4 Nxb4 19. Qd2 a5 20. Na4 Nb6 21. Nxb6 Qxb6 22. Bh6 Rfb8 23. Bxg7 Kxg7 24. Nc5 Na6 25. Qc3 Rc8 26. Qb3 Qxb3 27. Nxb3 a4 28. Nc1 Rab8 29. Re3 Nb4 30. Rd2 Nc6 31. Ra3 Na5 32. Rxa4 Nc4 33. Rxc4 dxc4 34. c3 Kf6 35. Na2 Rb5 36. Nb4 Ra8 37. Kc2 Kg5 38. Re2 Kf4 39. Kd2 Ra1 40. Kc2 Rg1 41. b3 cxb3+ 42. Kxb3 Kg3 43. Kc4 Rb8 44. Nc6 Rc8 45. Kc5 Rxg2 46. Rxg2+ Kxg2 47. c4 Kxh3 48. d5 exd5 49. cxd5 Kg2 50. d6 h3 51. d7 Rh8 0-1

[Event "Hungarian Rapid-ch 2022"]
[Site "Ajka"]
[Date "2022.07.15"]
[Round "1.9"]
[White "Vertetics, Attila"]
[Black "Andreeva, Elena"]
[Result "1-0"]
[ECO "D50"]
[WhiteElo "2465"]
[BlackElo "1923"]
[Annotator "ChessBase"]
[PlyCount "87"]
[EventDate "2022.07.15"]
[EventType "swiss"]
[EventCountry "HUN"]
[SourceTitle "playchess.com"]
[Source "ChessBase"]
[SourceQuality "1"]
[TimeControl "900+10"]

1. d4 d5 2. c4 e6 3. Nc3 Nf6 4. Bg5 h6 5. Bxf6 gxf6 6. cxd5 exd5 7. e3 c6 8. Bd3 f5 9. Nge2 Qg5 10. g3 Nd7 11. h4 Qg4 12. Qc2 Nf6 13. O-O-O Bd7 14. Rdf1 h5 15. Nf4 Bd6 16. Nce2 Bxf4 17. Nxf4 O-O-O 18. Qc5 a6 19. Qb6 Be6 20. Kb1 Ne4 21. Bxe4 fxe4 22. Rc1 Qf3 23. Rhf1 Rd7 24. Rc2 Rc7 25. Rfc1 Kd7 26. b4 Rhc8 27. a4 Ke7 28. Qc5+ Kf6 29. Qd6 Rd7 30. Qe5+ Ke7 31. Qxh5 f6 32. Qh7+ Kd6 33. Qh6 Rf7 34. b5 axb5 35. axb5 Bd7 36. Qg6 Ke7 37. h5 f5 38. Qg5+ Rf6 39. Qg7+ Rf7 40. Qe5+ Kd8 41. h6 Rh7 42. Qf6+ Kc7 43. Nxd5+ Kb8 44. Qd6+ 1-0

[Event "Hungarian Rapid-ch 2022"]
[Site "Ajka"]
[Date "2022.07.15"]
[Round "1.10"]
[White "Fellegi, Zoltan"]
[Black "Antal, Gergely"]
[Result "0-1"]
[ECO "B10"]
[WhiteElo "1978"]
[BlackElo "2571"]
[Annotator "ChessBase"]
[PlyCount "94"]
[EventDate "2022.07.15"]
[EventType "swiss"]
[EventCountry "HUN"]
[SourceTitle "playchess.com"]
[Source "ChessBase"]
[SourceQuality "1"]
[TimeControl "900+10"]

1. e4 c6 2. d3 d5 3. Nc3 e5 4. Nf3 Bg4 5. Be2 d4 6. Nb1 Bxf3 7. Bxf3 Nf6 8. a4 Bd6 9. Na3 Nbd7 10. O-O Bc7 11. Nc4 a6 12. b4 b5 13. Nd2 Bd6 14. Ba3 Qe7 15. Rb1 Nb6 16. a5 Na4 17. Rb3 O-O 18. Nb1 c5 19. bxc5 Bxc5 20. Bc1 Bb4 21. Bd2 Bxd2 22. Qxd2 Rac8 23. Bd1 Nd7 24. f4 exf4 25. Qxf4 Ne5 26. Nd2 Rc6 27. Qf2 Rd8 28. h3 Rf6 29. Nf3 Nc3 30. Qg3 Nxd1 31. Qxe5 Qxe5 32. Nxe5 Rxf1+ 33. Kxf1 Rc8 34. Nf3 Rxc2 35. Nxd4 Ne3+ 36. Kg1 Rxg2+ 37. Kh1 Ra2 38. Rc3 g6 39. Nc6 Nd1 40. Rc1 Nf2+ 41. Kg1 Nxd3 42. Rd1 Nf2 43. Rd8+ Kg7 44. Ra8 Nxh3+ 45. Kf1 b4 46. Rb8 Nf4 47. Rxb4 Ra1+ 0-1

[Event "Hungarian Rapid-ch 2022"]
[Site "Ajka"]
[Date "2022.07.15"]
[Round "1.11"]
[White "Horvath, Adam"]
[Black "Palla, Gyorgy"]
[Result "1-0"]
[ECO "B50"]
[WhiteElo "2520"]
[BlackElo "1983"]
[Annotator "ChessBase"]
[PlyCount "71"]
[EventDate "2022.07.15"]
[EventType "swiss"]
[EventCountry "HUN"]
[SourceTitle "playchess.com"]
[Source "ChessBase"]
[SourceQuality "1"]
[TimeControl "900+10"]

1. e4 c5 2. Nf3 d6 3. g3 Nc6 4. Bg2 e5 5. O-O Nf6 6. d3 Bg4 7. h3 Bh5 8. c3 Be7 9. Nbd2 O-O 10. Nc4 Rc8 11. Ne3 d5 12. Qa4 d4 13. Nd5 Re8 14. c4 Nxd5 15. exd5 Bxf3 16. Bxf3 Nb4 17. Rd1 f5 18. a3 Nxd3 19. d6 Qxd6 20. Bd5+ Kh8 21. Rxd3 Rb8 22. Qxa7 b5 23. Rb3 bxc4 24. Rxb8 Rxb8 25. Bxc4 h6 26. b4 cxb4 27. axb4 Rf8 28. b5 Qf6 29. Ra6 Bd6 30. Ba3 f4 31. Rxd6 Qf5 32. g4 Qb1+ 33. Bf1 Qa2 34. b6 Qb3 35. Rxh6+ gxh6 36. Bxf8 1-0

[Event "Hungarian Rapid-ch 2022"]
[Site "Ajka"]
[Date "2022.07.15"]
[Round "1.12"]
[White "Guzs, Laszlo"]
[Black "Varga, Zoltan"]
[Result "1/2-1/2"]
[ECO "D02"]
[WhiteElo "1915"]
[BlackElo "2401"]
[Annotator "ChessBase"]
[PlyCount "101"]
[EventDate "2022.07.15"]
[EventType "swiss"]
[EventCountry "HUN"]
[SourceTitle "playchess.com"]
[Source "ChessBase"]
[SourceQuality "1"]
[TimeControl "900+10"]

1. d4 d5 2. Nf3 c6 3. g3 Nf6 4. Bg2 Bg4 5. h3 Bh5 6. Nbd2 Nbd7 7. O-O e6 8. c4 Bd6 9. b3 O-O 10. Bb2 Qb8 11. g4 Bg6 12. Nh4 a5 13. Nxg6 hxg6 14. Qc2 Bb4 15. f4 a4 16. e3 a3 17. Bc3 Bxc3 18. Qxc3 b5 19. c5 b4 20. Qd3 Qa7 21. Rf2 Rfe8 22. Raf1 Qa6 23. Qxa6 Rxa6 24. Bf3 Nh7 25. Be2 Raa8 26. Bd3 Nhf8 27. Nf3 f6 28. Ne1 Re7 29. Nc2 Rb8 30. e4 Kf7 31. Re1 Ree8 32. exd5 exd5 33. Rfe2 Rxe2 34. Rxe2 Rb7 35. Kf2 Nh7 36. Kf3 Ndf8 37. h4 Rb8 38. g5 f5 39. Rh2 Ne6 40. h5 Nhf8 41. h6 gxh6 42. Rxh6 Kg7 43. Rh2 Nd7 44. Ke3 Re8 45. Kf3 Rb8 46. Ke3 Ndf8 47. Rh6 Nd7 48. Rh2 Re8 49. Kf3 Rb8 50. Ke3 Re8 51. Kf3 1/2-1/2

[Event "Hungarian Rapid-ch 2022"]
[Site "Ajka"]
[Date "2022.07.15"]
[Round "1.13"]
[White "Kantor, Gergely"]
[Black "Mozes, Ervin"]
[Result "1-0"]
[ECO "A46"]
[WhiteElo "2582"]
[BlackElo "2039"]
[Annotator "ChessBase"]
[PlyCount "55"]
[EventDate "2022.07.15"]
[EventType "swiss"]
[EventCountry "HUN"]
[SourceTitle "playchess.com"]
[Source "ChessBase"]
[SourceQuality "1"]
[TimeControl "900+10"]

1. d4 Nf6 2. Nf3 d6 3. c4 c6 4. Nc3 Bf5 5. d5 cxd5 6. cxd5 a6 7. Nd4 Bg6 8. g3 Ne4 9. Bg2 Nxc3 10. bxc3 Nd7 11. O-O Rc8 12. f4 h6 13. e4 Rxc3 14. Kh1 Nc5 15. Bb2 Rd3 16. Qe2 Qa5 17. Nb3 Nxb3 18. axb3 Qd2 19. Qg4 e6 20. Rad1 Qxb2 21. Rxd3 h5 22. Qf3 Be7 23. f5 exf5 24. exf5 Bh7 25. Re3 Kd8 26. Qxh5 g6 27. Qg4 gxf5 28. Qb4 1-0

[Event "Hungarian Rapid-ch 2022"]
[Site "Ajka"]
[Date "2022.07.15"]
[Round "1.14"]
[White "Pais, Nimrod"]
[Black "Aczel, Gergely"]
[Result "0-1"]
[ECO "B50"]
[WhiteElo "1897"]
[BlackElo "2499"]
[Annotator "ChessBase"]
[PlyCount "93"]
[EventDate "2022.07.15"]
[EventType "swiss"]
[EventCountry "HUN"]
[SourceTitle "playchess.com"]
[Source "ChessBase"]
[SourceQuality "1"]
[TimeControl "900+10"]

1. e4 c5 2. Nf3 d6 3. Nc3 Nf6 4. g3 e5 5. Bg2 g6 6. O-O Bg7 7. h3 O-O 8. d3 Nc6 9. Be3 Nd4 10. Nd5 Nxd5 11. exd5 Bd7 12. c3 Nxf3+ 13. Qxf3 f5 14. Bd2 Qb6 15. b3 a5 16. Rab1 Qa6 17. Rfe1 b5 18. Bf1 Qb7 19. c4 b4 20. Qe2 a4 21. Bg5 Qc7 22. Bg2 f4 23. g4 h6 24. Be4 hxg5 25. Bxg6 f3 26. Qd2 Rf4 27. Re4 Raf8 28. Rbe1 Qc8 29. Bh5 Kh7 30. Kh2 Kh6 31. Rh1 Bf6 32. Rxf4 exf4 33. Qd1 Be8 34. Qxf3 Bxh5 35. gxh5 axb3 36. axb3 Qe8 37. h4 Rg8 38. Qg4 Qxh5 39. Qxh5+ Kxh5 40. Kg2 g4 41. Re1 Be5 42. f3 Ra8 43. d4 Ra2+ 44. Kf1 Bxd4 45. fxg4+ Kxg4 46. Re6 f3 47. Ke1 0-1

[Event "Hungarian Rapid-ch 2022"]
[Site "Ajka"]
[Date "2022.07.15"]
[Round "1.15"]
[White "Mihok, Oliver"]
[Black "Nyoger, Istvan"]
[Result "1-0"]
[ECO "B30"]
[WhiteElo "2549"]
[BlackElo "1814"]
[Annotator "ChessBase"]
[PlyCount "41"]
[EventDate "2022.07.15"]
[EventType "swiss"]
[EventCountry "HUN"]
[SourceTitle "playchess.com"]
[Source "ChessBase"]
[SourceQuality "1"]
[TimeControl "900+10"]

1. e4 c5 2. Nf3 Nc6 3. Nc3 Nf6 4. Bb5 Nd4 5. e5 Nxb5 6. Nxb5 Nd5 7. Ng5 e6 8. Ne4 a6 9. Nbd6+ Bxd6 10. Nxd6+ Ke7 11. Qh5 Qf8 12. O-O f6 13. f4 Nc7 14. b3 Ne8 15. Ba3 b6 16. Nc4 Rb8 17. Nxb6 g6 18. Qe2 Kf7 19. d4 Rxb6 20. Bxc5 Rc6 21. Bxf8 1-0

[Event "Hungarian Rapid-ch 2022"]
[Site "Ajka"]
[Date "2022.07.15"]
[Round "1.16"]
[White "Pasti, Anna"]
[Black "Bagi, Mate"]
[Result "0-1"]
[ECO "A34"]
[WhiteElo "2005"]
[BlackElo "2460"]
[Annotator "ChessBase"]
[PlyCount "78"]
[EventDate "2022.07.15"]
[EventType "swiss"]
[EventCountry "HUN"]
[SourceTitle "playchess.com"]
[Source "ChessBase"]
[SourceQuality "1"]
[TimeControl "900+10"]

1. c4 Nf6 2. g3 c5 3. Bg2 d5 4. cxd5 Nxd5 5. Nc3 Nc7 6. e3 e5 7. Nge2 Nc6 8. d4 exd4 9. Bxc6+ bxc6 10. exd4 Be7 11. dxc5 Qxd1+ 12. Kxd1 Bxc5 13. Ne4 Bb6 14. Bf4 Bg4 15. Re1 O-O-O+ 16. Kc1 Rhe8 17. Nd6+ Rxd6 18. Bxd6 Rxe2 19. Rxe2 Bxe2 20. Kd2 Bf3 21. Bxc7 Kxc7 22. b4 g5 23. a4 g4 24. Rf1 a6 25. Kd3 Kd6 26. Rb1 Bxf2 27. b5 cxb5 28. axb5 a5 29. b6 Bb7 30. Kc3 Bc5 31. Rd1+ Kc6 32. Rf1 Kxb6 33. Rf6+ Kb5 34. Rxf7 Be4 35. Rf4 Bf3 36. Rf7 a4 37. Rxh7 Bb4+ 38. Kb2 a3+ 39. Ka1 Bd5 0-1

[Event "Hungarian Rapid-ch 2022"]
[Site "Ajka"]
[Date "2022.07.15"]
[Round "1.17"]
[White "Czebe, Attila"]
[Black "Kiss, Csaba"]
[Result "1-0"]
[ECO "C00"]
[WhiteElo "2385"]
[BlackElo "1775"]
[Annotator "ChessBase"]
[PlyCount "83"]
[EventDate "2022.07.15"]
[EventType "swiss"]
[EventCountry "HUN"]
[SourceTitle "playchess.com"]
[Source "ChessBase"]
[SourceQuality "1"]
[TimeControl "900+10"]

1. e4 e6 2. d3 d5 3. Nd2 Nf6 4. Ngf3 c5 5. g3 Nc6 6. Bg2 h6 7. O-O Be7 8. Re1 O-O 9. e5 Nd7 10. Nf1 Qc7 11. Qe2 b6 12. h4 Bb7 13. N1h2 Rac8 14. c3 Ba6 15. Ng4 h5 16. Ngh2 Rfe8 17. Bf4 c4 18. d4 b5 19. Ng5 g6 20. g4 hxg4 21. Nxg4 Bxg5 22. Bxg5 Kg7 23. Qe3 Rh8 24. Nf6 Ncb8 25. a3 Bb7 26. Qg3 a5 27. Re3 Nf8 28. h5 Nh7 29. Bh3 Nxg5 30. Qxg5 Rh6 31. Rg3 Rch8 32. Re1 Qe7 33. Ree3 Nc6 34. Ref3 b4 35. axb4 axb4 36. Qe3 Rxh5 37. Nxh5+ Rxh5 38. Rf6 Qe8 39. Bg4 Rh4 40. Qg5 Qh8 41. Rxg6+ fxg6 42. Qf6+ 1-0

[Event "Hungarian Rapid-ch 2022"]
[Site "Ajka"]
[Date "2022.07.15"]
[Round "1.18"]
[White "Mihalyfi, Gabor"]
[Black "Korpa, Bence"]
[Result "0-1"]
[ECO "B02"]
[WhiteElo "1972"]
[BlackElo "2537"]
[Annotator "ChessBase"]
[PlyCount "46"]
[EventDate "2022.07.15"]
[EventType "swiss"]
[EventCountry "HUN"]
[SourceTitle "playchess.com"]
[Source "ChessBase"]
[SourceQuality "1"]
[TimeControl "900+10"]

1. e4 Nf6 2. Nc3 d5 3. exd5 Nxd5 4. Bc4 Nxc3 5. bxc3 e6 6. Nf3 Be7 7. O-O O-O 8. d4 b6 9. Qe2 Bb7 10. a4 a5 11. Bf4 Nd7 12. Rfe1 Bf6 13. Be5 Nxe5 14. Nxe5 Bd5 15. Rad1 Bxe5 16. Bxd5 Bxh2+ 17. Kxh2 Qxd5 18. c4 Qd7 19. Qe5 Qxa4 20. Rd3 Qxc4 21. Rg3 f6 22. Qxe6+ Qxe6 23. Rxe6 a4 0-1

[Event "Hungarian Rapid-ch 2022"]
[Site "Ajka"]
[Date "2022.07.15"]
[Round "1.19"]
[White "Meszaros, Tamas"]
[Black "Fellegi, Tibor"]
[Result "1-0"]
[ECO "B12"]
[WhiteElo "2368"]
[BlackElo "1909"]
[Annotator "ChessBase"]
[PlyCount "47"]
[EventDate "2022.07.15"]
[EventType "swiss"]
[EventCountry "HUN"]
[SourceTitle "playchess.com"]
[Source "ChessBase"]
[SourceQuality "1"]
[TimeControl "900+10"]

1. e4 c6 2. d4 b5 3. Nf3 e6 4. d5 Qc7 5. Bd3 Nf6 6. Bg5 Be7 7. dxe6 dxe6 8. e5 Nd5 9. Bxe7 Qxe7 10. O-O O-O 11. Nbd2 Nf4 12. Be4 Bb7 13. c4 Rd8 14. Qb3 a6 15. Qe3 Ng6 16. Bxg6 fxg6 17. Ne4 c5 18. Rfd1 Nd7 19. Rd6 Bxe4 20. Qxe4 h6 21. Qxg6 Nf8 22. Qe4 Rxd6 23. exd6 Qd7 24. Qxa8 1-0

[Event "Hungarian Rapid-ch 2022"]
[Site "Ajka"]
[Date "2022.07.15"]
[Round "1.20"]
[White "Csiszar, Viktoria"]
[Black "Csonka, Balazs"]
[Result "0-1"]
[ECO "B24"]
[WhiteElo "1911"]
[BlackElo "2495"]
[Annotator "ChessBase"]
[PlyCount "38"]
[EventDate "2022.07.15"]
[EventType "swiss"]
[EventCountry "HUN"]
[SourceTitle "playchess.com"]
[Source "ChessBase"]
[SourceQuality "1"]
[TimeControl "900+10"]

1. e4 c5 2. Nc3 Nc6 3. g3 g6 4. Bg2 Bg7 5. f4 e6 6. d3 Nge7 7. Nf3 O-O 8. O-O d5 9. Qe1 Nd4 10. Nxd4 cxd4 11. Ne2 dxe4 12. dxe4 e5 13. fxe5 Nc6 14. Bf4 Qb6 15. Kh1 Qxb2 16. Qd2 Nxe5 17. Rab1 Qxa2 18. Nxd4 Rd8 19. Qf2 Ng4 0-1

[Event "Hungarian Rapid-ch 2022"]
[Site "Ajka"]
[Date "2022.07.15"]
[Round "1.21"]
[White "Jakab, Attila"]
[Black "Szalay-Ocsak, Bank"]
[Result "1-0"]
[ECO "E59"]
[WhiteElo "2311"]
[BlackElo "2146"]
[Annotator "ChessBase"]
[PlyCount "68"]
[EventDate "2022.07.15"]
[EventType "swiss"]
[EventCountry "HUN"]
[SourceTitle "playchess.com"]
[Source "ChessBase"]
[SourceQuality "1"]
[TimeControl "900+10"]

1. d4 Nf6 2. c4 e6 3. Nc3 Bb4 4. e3 O-O 5. Bd3 d5 6. Nf3 c5 7. O-O dxc4 8. Bxc4 Nc6 9. a3 Bxc3 10. bxc3 Qc7 11. Ba2 b6 12. Re1 e5 13. h3 Ba6 14. d5 Rad8 15. e4 Ne7 16. Bg5 Ng6 17. Bxf6 gxf6 18. g3 Bc8 19. Qd2 Kg7 20. Kh2 Qd7 21. Ng1 h5 22. h4 Rg8 23. Re3 Qg4 24. f3 Qd7 25. Rf1 Kh7 26. c4 Rg7 27. Bb1 Rdg8 28. Bd3 Nxh4 29. f4 Qg4 30. f5 Kh8 31. Qf2 b5 32. Be2 Qg5 33. Nh3 Nf3+ 34. Qxf3 h4 1-0

[Event "Hungarian Rapid-ch 2022"]
[Site "Ajka"]
[Date "2022.07.15"]
[Round "1.22"]
[White "Kariko, Lajos"]
[Black "Lizak, Peter"]
[Result "0-1"]
[ECO "C00"]
[WhiteElo "1888"]
[BlackElo "2400"]
[Annotator "ChessBase"]
[PlyCount "60"]
[EventDate "2022.07.15"]
[EventType "swiss"]
[EventCountry "HUN"]
[SourceTitle "playchess.com"]
[Source "ChessBase"]
[SourceQuality "1"]
[TimeControl "900+10"]

1. e4 e6 2. e5 d5 3. exd6 cxd6 4. d4 Nf6 5. Nf3 Be7 6. g3 Nc6 7. Bg2 Qa5+ 8. c3 Qa6 9. Qe2 Qxe2+ 10. Kxe2 e5 11. dxe5 dxe5 12. Be3 Ng4 13. Bg5 e4 14. Bxe7 exf3+ 15. Bxf3 Kxe7 16. Re1 Rd8 17. Nd2 Nge5 18. Rad1 Be6 19. Bg2 Rd7 20. f4 Nd3 21. Rf1 Nxb2 22. Rb1 Nc4 23. Rfd1 Nxd2 24. Rxd2 Rxd2+ 25. Kxd2 Rd8+ 26. Ke3 Na5 27. Bxb7 Nc4+ 28. Kf2 Rd2+ 29. Ke1 Rxh2 30. a4 Nb2 0-1

[Event "Hungarian Rapid-ch 2022"]
[Site "Ajka"]
[Date "2022.07.15"]
[Round "1.23"]
[White "Tolnai, Tibor"]
[Black "Giang, Tran Nam"]
[Result "0-1"]
[ECO "D02"]
[WhiteElo "2433"]
[BlackElo "2144"]
[Annotator "ChessBase"]
[PlyCount "90"]
[EventDate "2022.07.15"]
[EventType "swiss"]
[EventCountry "HUN"]
[SourceTitle "playchess.com"]
[Source "ChessBase"]
[SourceQuality "1"]
[TimeControl "900+10"]

1. d4 d5 2. Nf3 Nf6 3. g3 c6 4. Bg2 Bf5 5. O-O e6 6. b3 Be7 7. Bb2 Nbd7 8. Nbd2 h6 9. c4 O-O 10. Re1 a5 11. a3 Ne4 12. e3 Ndf6 13. Rc1 Rc8 14. Ne5 Nxd2 15. Qxd2 Nd7 16. Nd3 Qb6 17. Qd1 Rfd8 18. c5 Qa6 19. Bf1 Qa7 20. Bc3 b6 21. cxb6 Qxb6 22. b4 axb4 23. Bxb4 Bxb4 24. Nxb4 c5 25. dxc5 Nxc5 26. Ra1 Ne4 27. Qd4 Qa5 28. f3 Nc5 29. Qd1 Na4 30. Rc1 Nc3 31. Qb3 Qc5 32. g4 Bg6 33. Bd3 d4 34. e4 h5 35. e5 hxg4 36. fxg4 Bxd3 37. Nxd3 Qc6 38. Qb2 Qf3 39. Qd2 Qxg4+ 40. Qg2 Qxg2+ 41. Kxg2 Ra8 42. Ra1 Ra5 43. Nb4 Rc5 44. Nd3 Rb5 45. Kf3 Ra8 0-1

[Event "Hungarian Rapid-ch 2022"]
[Site "Ajka"]
[Date "2022.07.15"]
[Round "1.24"]
[White "Biro, Zsolt"]
[Black "Csiszar, Csaba"]
[Result "0-1"]
[ECO "B30"]
[WhiteElo "1928"]
[BlackElo "2389"]
[Annotator "ChessBase"]
[PlyCount "54"]
[EventDate "2022.07.15"]
[EventType "swiss"]
[EventCountry "HUN"]
[SourceTitle "playchess.com"]
[Source "ChessBase"]
[SourceQuality "1"]
[TimeControl "900+10"]

1. e4 c5 2. Nf3 Nc6 3. Bb5 d6 4. O-O Bd7 5. Re1 Nf6 6. d3 g6 7. h3 Bg7 8. Be3 O-O 9. a4 a6 10. Bxc6 Bxc6 11. a5 Nd7 12. c3 e6 13. Bf4 e5 14. Be3 d5 15. Nbd2 h6 16. d4 exd4 17. cxd4 dxe4 18. Ne5 cxd4 19. Nxc6 bxc6 20. Bf4 f5 21. Qb3+ Kh7 22. Rec1 c5 23. Nc4 d3 24. Qb7 Qc8 25. Qb3 Qc6 26. h4 Ra7 27. Nb6 Qf6 0-1